 Dungeon Crawl Stone Soup version 0.32-a0-859-gb0a091d592 (webtiles) character file.

Game seed: 16920409857473933063

113 javelincjr the Shooter (level 4, -3/44 HPs)
             Began as a Troll Hunter on Mar 27, 2024.
             Was a Believer of Jiyva.
             Slain by Grinder (4 damage)
             ... while paralysed by Grinder
             ... on level 3 of the Dungeon.
             The game lasted 00:04:49 (1470 turns).

javelincjr the Shooter (Troll Hunter)               Turns: 1470, Time: 00:04:50

Health: -3/44      AC:  5    Str: 25    XL:     4   Next: 65%
Magic:  3/3        EV:  1    Int:  9    God:    Jiyva [**....]
Gold:   38         SH:  0    Dex: 18    Spells: 3/3 levels left

rFire   . . .        a - +0 shortbow
rCold   . . .        (shield currently unavailable)
rNeg    . . .        l - +1 robe "Savob" {Int+4 Dex+3 Archmagi}
rPois   .            (helmet restricted)
rElec   .            (no cloak)
rCorr   +            (gloves unavailable)
SInv    .            (boots unavailable)
Will    .....        (no amulet)
Stlth   ++           e - +6 ring of strength
HPRegen 2.03/turn    (no ring)
MPRegen 0.56/turn

%: archmagi
@: paralysed, hasted
A: large, unfitting armour, claws 3, regeneration 1, shaggy fur 1, tough skin 1
a: Renounce Religion


You were on level 3 of the Dungeon.
You worshipped Jiyva.
Jiyva was pleased with you.
You visited 1 branch of the dungeon, and saw 3 of its levels.

You collected 38 gold pieces.

Inventory:

Hand Weapons
 a - a +0 shortbow (weapon)
Missiles
 d - 3 poisoned darts
 j - 6 silver javelins
Armour
 c - a +0 robe
 l - the +1 robe "Savob" (worn) {Int+4 Dex+3 Archmagi}
   (You found it on level 3 of the Dungeon)

   Int+4:     It affects your intelligence (+4).
   Dex+3:     It affects your dexterity (+3).
   Archmagi:  It increases the power of your magical spells.
Jewellery
 e - a +6 ring of strength (left claw)
Scrolls
 b - a scroll of butterflies
 f - a scroll of revelation {unknown}
 g - a scroll of teleportation {unknown}
 i - a scroll of noise {unknown}
Potions
 h - a potion of haste
 k - a potion of berserk rage {unknown}
 m - a potion of curing {unknown}


   Skills:
 * Level 2.8 Fighting
 + Level 3.0 Ranged Weapons
 + Level 2.2 Dodging
 + Level 1.1 Stealth


You had 3 spell levels left.
You didn't know any spells.
Your spell library contained the following spells:

 Spells                   Type           Power      Damage    Failure   Level
 Freeze                   Ice            0%         1d3       38%         1
 Frozen Ramparts          Ice            0%         1d1       77%         3
 Hailstorm                Conj/Ice       0%         3d5       77%         3


Dungeon Overview and Level Annotations

Branches:
Dungeon (3/15)

Altars:
Ashenzari
Hepliaklqana
Okawaru
Uskayaw
Xom
Yredelemnul
Jiyva

Shops:
D:1 *

Annotations:
D:3 Grinder


Innate Abilities, Weirdness & Mutations

You are too large for most types of armour.
You have claws for hands.
Your natural rate of healing is unusually fast.
You are covered in fur. (AC +1)
You have tough skin. (AC +1)


Message History

You are too injured to fight recklessly!
You are too injured to fight recklessly!
You are too injured to fight recklessly!
You are too injured to fight recklessly!
Okay, then.
Fire: a) +0 shortbow
Press: ? - help, Q - select action, (/) - cycle Shift-Dir - straight line, f/p - Grinder
Aim: Grinder (heavily wounded, 60% to hit)
You shoot an arrow.
The arrow hits Grinder but does no damage.
Grinder is heavily wounded.
Grinder barely misses you.
Fire: a) +0 shortbow
Press: ? - help, Q - select action, (/) - cycle Shift-Dir - straight line, f/p - Grinder
Aim: Grinder (heavily wounded, 60% to hit)
You shoot an arrow. The arrow hits Grinder.
Grinder is severely wounded.
Grinder hits you!
Fire: a) +0 shortbow
Press: ? - help, Q - select action, (/) - cycle Shift-Dir - straight line, f/p - Grinder
Aim: Grinder (severely wounded, 60% to hit)
You shoot an arrow. The arrow closely misses Grinder.
Grinder hits you!
* * * LOW HITPOINT WARNING * * *
You writhe in agony.
* * * LOW HITPOINT WARNING * * *
Grinder barely misses you.
It was a potion of haste.
You feel yourself speed up. Grinder gestures at you.
You suddenly lose the ability to move!
Grinder hits you.
* * * LOW HITPOINT WARNING * * *
You writhe in agony.
* * * LOW HITPOINT WARNING * * *
Grinder hits you!
* * * LOW HITPOINT WARNING * * *
You writhe in agony.
You die...
Grinder sighs, "Dead already?
I want a refund."
Jiyva sends a jelly to digest your remains.

##### ##....
#....###
###..#...
#......
#.#..###...
#.#@5......
#.#.####...
#.#.#
#.#.#####..
#..........
#..#####...
#..#
############
#..#
...........#
#..#


You could see Grinder.

Vanquished Creatures
  A bombardier beetle (D:3)
  An orc priest (D:3)
  An iguana (D:3)
  A ribbon worm (D:3)
  2 dart slugs (D:3)
  3 orcs (D:3)
  2 ball pythons (D:3)
  An endoplasm (D:1)
  3 giant cockroaches
  2 goblins
  7 hobgoblins
  2 quokkas (D:1)
  3 bats
  5 kobolds
  5 rats
39 creatures vanquished.

Vanquished Creatures (others)
  2 jellies (D:3)
  A ribbon worm (D:3)
  A dart slug (D:3)
  A bat (D:2)
  2 endoplasms (D:3)
  A ball python (D:2)
  2 frilled lizards (D:2)
  3 rats (D:2)
13 creatures vanquished.

Grand Total: 52 creatures vanquished

Notes
Turn   | Place    | Note
-------+----------+-------------------------------------------
     0 | D:1      | javelincjr the Troll Hunter began the quest for the Orb.
     0 | D:1      | Reached XP level 1. HP: 19/19 MP: 0/0
   137 | D:1      | Found a faded altar of an unknown god.
   145 | D:1      | Prayed at the altar of an unknown god.
   145 | D:1      | Became a worshipper of Jiyva Juto the Shapeless
   145 | D:1      | Reached * piety under Jiyva
   165 | D:1      | Reached XP level 2. HP: 28/28 MP: 1/1
   306 | D:1      | Found Jatuexzi's Assorted Antiques.
   712 | D:2      | Reached ** piety under Jiyva
  1080 | D:3      | Reached XP level 3. HP: 20/35 MP: 2/2
  1245 | D:3      | Reached skill level 1 in Stealth
  1246 | D:3      | Reached XP level 4. HP: 44/44 MP: 3/3
  1252 | D:3      | Identified the +1 robe "Savob" {Int+4 Dex+3 Archmagi}
  1306 | D:3      | Reached skill level 3 in Ranged Weapons
  1339 | D:3      | Found a shimmering altar of Xom.
  1339 | D:3      | Found an iron altar of Okawaru.
  1339 | D:3      | Found a hazy altar of Hepliaklqana.
  1343 | D:3      | Found a broken altar of Ashenzari.
  1343 | D:3      | Found a basalt altar of Yredelemnul.
  1344 | D:3      | Found a hide-covered altar of Uskayaw.
  1444 | D:3      | Noticed Grinder
  1450 | D:3      | Paralysed by Grinder for 3 turns
  1460 | D:3      | Paralysed by Grinder for 4 turns
  1468 | D:3      | Paralysed by Grinder for 4 turns
  1470 | D:3      | HP: 1/44 [Grinder (8)]
  1470 | D:3      | Slain by Grinder

Illustrated notes

Levels and vault maps discovered:
D:1:      eino_arrival_tree_alley, layout_loops_ring, serial_shops,
          nicolae_square_shop, ebering_ecumenical_altar_rust
D:2:      layout_loops_ring, grunt_ministairs_7, st_stairs_10
D:3:      layout_loops_ring, grunt_temple_overflow_open, uniq_grinder

Skill      XL: |  1  2  3  4 |
---------------+-------------+-----
Fighting       | 2 |  2.8
Dodging        | 2 |  2.2
Stealth        | 1 |  1.1
Ranged Weapons | 3 |  3.0

Action                     |  1- 3 |  4- 6 || total
---------------------------+-------+-------++-------
   Fire: Shortbow          |   122 |    33 ||   155
    Use: Potion            |       |     1 ||     1
 Armour: Robe              |    80 |    15 ||    95
  Dodge: Dodged            |    42 |     3 ||    45

Table legend: (Time is in decaauts)
 A = Elapsed time spent in this place.
 B = Non-inter-level travel time spent in this place.
 C = Inter-level travel time spent in this place.
 D = Time resting spent in this place.
 E = Time spent auto-exploring this place.
 F = Levels seen in this place.
 G = Mean time per level.
                   A        B        C        D        E       F      G
               +--------+--------+--------+--------+--------+-----+--------+
         Total |   1509 |   1476 |     33 |      0 |   1136 |   3 |  503.0 |
       Dungeon |   1509 |   1476 |     33 |      0 |   1136 |   3 |  503.0 |
               +--------+--------+--------+--------+--------+-----+--------+

Top non-repeatable levels by time:
     D:1: 575 daAuts
     D:2: 510 daAuts
     D:3: 423 daAuts
